[Event "EYTCC U12 Open 2019"]
[Site "Pardubice"]
[Date "2019.07.14"]
[Round "4.17"]
[White "Royal, Shreyas"]
[Black "Finek, Vaclav"]
[Result "0-1"]
[ECO "D85"]
[WhiteElo "1996"]
[BlackElo "2043"]
[Annotator "NA"]
[PlyCount "129"]
[EventDate "2019.07.11"]
[EventType "swiss"]
[EventCountry "CZE"]
[SourceTitle "playchess.com"]
[Source "ChessBase"]
[SourceQuality "1"]
[WhiteTeam "England"]
[BlackTeam "Czech Republic"]
[WhiteTeamCountry "ENG"]
[BlackTeamCountry "CZE"]
[TimeControl "40/5400+30:1800+30"]

1. d4 Nf6 2. c4 g6 3. Nc3 d5 4. cxd5 Nxd5 5. Bd2 Bg7 6. e4 Nxc3 7. Bxc3 O-O 8. Qd2 c5 9. d5 Nd7 10. Bd3 a6 11. Bxg7 Kxg7 12. Ne2 Ne5 13. Qc3 f6 14. O-O Bd7 15. a4 Qb6 16. Bc2 Qb4 17. Bb3 Qxe4 18. Rfe1 Qb4 19. f4 Nf7 20. Qxb4 cxb4 21. Nd4 Rfe8 22. a5 Rac8 23. Nc2 Nd6 24. Nxb4 Nf5 25. Nc2 h5 26. Ne3 Nd6 27. Nc2 Nc4 28. Nd4 Nxb2 29. Ne6+ Kh6 30. Reb1 Nd3 31. Ba4 Bxa4 32. Rxa4 Nc5 33. Nxc5 Rxc5 34. Rxb7 Rxd5 35. Ra7 Rd6 36. Rb4 Rd1+ 37. Kf2 Rd2+ 38. Kf3 Rc8 39. Rb3 Rcc2 40. Rxa6 Rxg2 41. h3 Rh2 42. Ke4 Rc4+ 43. Kd5 Rxf4 44. Ke6 Re4+ 45. Kf7 Kg5 46. Rb5+ Kf4 47. Kxg6 Rxh3 48. Rf5+ Kg4 49. Ra8 Re5 50. Rxe5 fxe5 51. a6 Ra3 52. a7 e4 53. Kf7 Kh4 54. Kxe7 Ra6 55. Rg8 Rxa7+ 56. Kf6 Ra3 57. Kf5 Rg3 58. Rh8 e3 59. Kf4 Kh3 60. Rxh5+ Kg2 61. Rh1 e2 62. Ra1 Rf3+ 63. Ke4 Kf2 64. Ra2 Rb3 65. Kd4 0-1

[Event "EYTCC U12 Open 2019"]
[Site "Pardubice"]
[Date "2019.07.14"]
[Round "4.18"]
[White "Nemec, Jachym"]
[Black "Dias, Savin"]
[Result "1-0"]
[ECO "B76"]
[WhiteElo "1927"]
[BlackElo "1840"]
[Annotator "NA"]
[PlyCount "139"]
[EventDate "2019.07.11"]
[EventType "swiss"]
[EventCountry "CZE"]
[SourceTitle "playchess.com"]
[Source "ChessBase"]
[SourceQuality "1"]
[WhiteTeam "Czech Republic"]
[BlackTeam "England"]
[WhiteTeamCountry "CZE"]
[BlackTeamCountry "ENG"]
[TimeControl "40/5400+30:1800+30"]

1. e4 c5 2. Nf3 d6 3. d4 cxd4 4. Nxd4 Nf6 5. Nc3 g6 6. f3 Bg7 7. Be3 O-O 8. Qd2 Nc6 9. O-O-O d5 10. Qe1 e5 11. Nxc6 bxc6 12. exd5 cxd5 13. Bg5 d4 14. Qxe5 Ne4 15. Nxe4 Bxe5 16. Bxd8 Rxd8 17. Bd3 Be6 18. Kb1 Rab8 19. g3 Rb6 20. f4 Bg7 21. Nd2 Rdb8 22. b3 Rb4 23. a3 R4b7 24. Rhf1 Bf8 25. Ka2 a5 26. f5 gxf5 27. Bxf5 a4 28. Bxe6 fxe6 29. Rb1 Rc7 30. Nc4 e5 31. Rbe1 Bg7 32. Rf2 axb3+ 33. cxb3 Re7 34. Re4 Rf8 35. Rfe2 d3 36. Rd2 Rd8 37. Kb2 Bh6 38. Rd1 d2 39. Kc2 Rd5 40. Nxd2 Red7 41. Re2 Kg7 42. a4 e4 43. Rxe4 Rxd2+ 44. Rxd2 Rxd2+ 45. Kc3 Rxh2 46. b4 Bd2+ 47. Kc4 Rh3 48. g4 Kf6 49. a5 Kg5 50. a6 Be3 51. b5 Bf2 52. Kd5 Rh6 53. Rc4 Rh3 54. Kc6 Rb3 55. Rc5+ Kxg4 56. b6 h5 57. a7 Bxc5 58. a8=Q Rxb6+ 59. Kxc5 Rh6 60. Qe4+ Kg5 61. Kd5 Ra6 62. Qg2+ Kh4 63. Qf2+ Kg5 64. Qg3+ Kh6 65. Qe3+ Kg7 66. Ke5 Ra5+ 67. Kf4 Rb5 68. Qe7+ Kh6 69. Qe6+ Kh7 70. Qd7+ 1-0

[Event "EYTCC U12 Open 2019"]
[Site "Pardubice"]
[Date "2019.07.14"]
[Round "4.19"]
[White "Thatte, Nishchal"]
[Black "Brozka, Karel"]
[Result "1/2-1/2"]
[ECO "B12"]
[WhiteElo "1686"]
[BlackElo "1816"]
[Annotator "NA"]
[PlyCount "146"]
[EventDate "2019.07.11"]
[EventType "swiss"]
[EventCountry "CZE"]
[SourceTitle "playchess.com"]
[Source "ChessBase"]
[SourceQuality "1"]
[WhiteTeam "England"]
[BlackTeam "Czech Republic"]
[WhiteTeamCountry "ENG"]
[BlackTeamCountry "CZE"]
[TimeControl "40/5400+30:1800+30"]

1. e4 c6 2. d4 d5 3. e5 c5 4. dxc5 Nc6 5. a3 a5 6. Nf3 Bg4 7. Be2 e6 8. Be3 Bxf3 9. Bxf3 Nxe5 10. Be2 Nf6 11. Nc3 Be7 12. Na4 Ned7 13. O-O O-O 14. c4 Rc8 15. b4 axb4 16. axb4 dxc4 17. Bf3 Ne5 18. Bxb7 Rc7 19. Bf3 Qxd1 20. Bxd1 Nd5 21. Bd2 Nd3 22. Be2 N5xb4 23. Bxb4 Nxb4 24. Bxc4 Bxc5 25. Nxc5 Rxc5 26. Be2 Rc2 27. Bf3 g6 28. h3 Rfc8 29. Ra8 Rxa8 30. Bxa8 Kg7 31. Rb1 Nc6 32. Rb6 Nd4 33. Be4 Rd2 34. Rb7 Kf6 35. g3 h5 36. Rc7 Re2 37. Ba8 Nf5 38. Kg2 Ra2 39. Bb7 Ne3+ 40. Kg1 Nd1 41. Rc1 Nb2 42. Rc2 Ra1+ 43. Kg2 Nd3 44. Re2 Ne5 45. Be4 Ra5 46. Rc2 Ra4 47. Re2 Rd4 48. Bc2 h4 49. gxh4 Rxh4 50. Kg3 Rc4 51. Be4 Rc3+ 52. Kg2 g5 53. Bb1 Nc6 54. Rc2 Rxc2 55. Bxc2 Nd4 56. Bd3 Ke5 57. Kg3 f5 58. Bb1 Ne2+ 59. Kf3 Nf4 60. Kg3 Nh5+ 61. Kf3 Kf6 62. Kg2 e5 63. Bc2 e4 64. Bd1 Nf4+ 65. Kg3 Ng6 66. Bc2 Ke5 67. Ba4 Nh4 68. Bd1 Kd4 69. Be2 Ng6 70. Bh5 Nh4 71. Be2 Kc3 72. Bb5 Kd2 73. Bc6 Ke2 1/2-1/2

[Event "EYTCC U12 Open 2019"]
[Site "Pardubice"]
[Date "2019.07.14"]
[Round "4.20"]
[White "Janous, Marek"]
[Black "Trivedi, Aarnavh"]
[Result "0-1"]
[ECO "B13"]
[WhiteElo "1717"]
[BlackElo "1669"]
[Annotator "NA"]
[PlyCount "116"]
[EventDate "2019.07.11"]
[EventType "swiss"]
[EventCountry "CZE"]
[SourceTitle "playchess.com"]
[Source "ChessBase"]
[SourceQuality "1"]
[WhiteTeam "Czech Republic"]
[BlackTeam "England"]
[WhiteTeamCountry "CZE"]
[BlackTeamCountry "ENG"]
[TimeControl "40/5400+30:1800+30"]

1. e4 c6 2. d4 d5 3. exd5 cxd5 4. c4 Nf6 5. Nc3 Nc6 6. Nf3 Bg4 7. cxd5 Nxd5 8. Qb3 Bxf3 9. gxf3 Nb6 10. d5 Nd4 11. Qd1 e5 12. dxe6 Nxe6 13. Bb5+ Nd7 14. O-O a6 15. Bc4 Qf6 16. Re1 Bb4 17. Bxe6 fxe6 18. Qb3 Be7 19. Qxb7 Rd8 20. Qc6 Kf7 21. Bf4 Nc5 22. Bg3 Rc8 23. Qb6 Qxf3 24. Re3 Qf5 25. Rae1 Rhe8 26. Rd1 h5 27. b4 h4 28. Be5 Na4 29. Rdd3 Nxb6 30. Rf3 Red8 31. Rxf5+ exf5 32. Rf3 g6 33. a3 Bf6 34. Bxf6 Kxf6 35. Ne4+ Ke5 36. Nc5 Rd1+ 37. Kg2 Nd5 38. h3 Nf4+ 39. Kh2 Rxc5 40. bxc5 Rd3 41. Rxd3 Nxd3 42. c6 Kd6 43. Kg2 Kxc6 44. Kf3 Kd5 45. Ke3 Nxf2 46. Kxf2 Ke4 47. Ke2 f4 48. a4 a5 49. Kf2 f3 50. Kf1 Kf4 51. Kf2 g5 52. Kf1 Kg3 53. Kg1 Kxh3 54. Kh1 Kg3 55. Kg1 f2+ 56. Kf1 h3 57. Ke2 Kg2 58. Ke3 f1=Q 0-1

[Event "EYTCC U12 Open 2019"]
[Site "Pardubice"]
[Date "2019.07.14"]
[Round "4.21"]
[White "Herega, Nejc"]
[Black "Day, Tobias"]
[Result "1-0"]
[ECO "A80"]
[WhiteElo "1939"]
[BlackElo "1826"]
[Annotator "NA"]
[PlyCount "123"]
[EventDate "2019.07.11"]
[EventType "swiss"]
[EventCountry "CZE"]
[SourceTitle "playchess.com"]
[Source "ChessBase"]
[SourceQuality "1"]
[WhiteTeam "Slovenia"]
[BlackTeam "Czech Republic"]
[WhiteTeamCountry "SLO"]
[BlackTeamCountry "CZE"]
[TimeControl "40/5400+30:1800+30"]

1. d4 f5 2. Nc3 d5 3. Bg5 Nf6 4. e3 c6 5. Bd3 e6 6. Nf3 Be7 7. O-O O-O 8. Ne2 h6 9. Bf4 g5 10. Be5 Nbd7 11. c4 Qe8 12. cxd5 cxd5 13. Rc1 Qg6 14. Qc2 Ne4 15. Bc7 Bd6 16. Bxe4 dxe4 17. Bxd6 exf3 18. gxf3 Rf7 19. Qc7 Nb6 20. Qc2 Bd7 21. e4 Bc6 22. Nc3 Rc8 23. Qe2 Rd8 24. Bc5 Qh5 25. Bxb6 axb6 26. d5 exd5 27. exd5 Bd7 28. Kh1 Rg7 29. Rg1 Re8 30. Qd3 Qf7 31. Rce1 g4 32. f4 Qf6 33. Rxe8+ Bxe8 34. Re1 Bd7 35. Qe3 b5 36. b3 Qa6 37. Qd2 b4 38. Nd1 Qd6 39. Qd4 Re7 40. Rxe7 Qxe7 41. Ne3 b5 42. Qe5 Qf7 43. Qd6 h5 44. Qxb4 h4 45. Qd4 Qh5 46. Qf6 g3 47. Qd8+ Be8 48. Qg5+ Qxg5 49. fxg5 f4 50. Ng4 Kg7 51. hxg3 hxg3 52. fxg3 fxg3 53. Ne5 Bh5 54. d6 Kf8 55. d7 Ke7 56. g6 Bxg6 57. Nxg6+ Kxd7 58. Ne5+ Kd6 59. Nd3 Kd5 60. a4 bxa4 61. bxa4 Kc4 62. Kg2 1-0

[Event "EYTCC U12 Open 2019"]
[Site "Pardubice"]
[Date "2019.07.14"]
[Round "4.22"]
[White "Winter, Ondrej"]
[Black "Skrbec, Leon"]
[Result "1/2-1/2"]
[ECO "B11"]
[WhiteElo "1725"]
[BlackElo "1896"]
[Annotator "NA"]
[PlyCount "96"]
[EventDate "2019.07.11"]
[EventType "swiss"]
[EventCountry "CZE"]
[SourceTitle "playchess.com"]
[Source "ChessBase"]
[SourceQuality "1"]
[WhiteTeam "Czech Republic"]
[BlackTeam "Slovenia"]
[WhiteTeamCountry "CZE"]
[BlackTeamCountry "SLO"]
[TimeControl "40/5400+30:1800+30"]

1. e4 c6 2. Nc3 d5 3. Nf3 Bg4 4. d4 e6 5. Bd3 Nf6 6. O-O Be7 7. h3 Bh5 8. Be3 O-O 9. Re1 Bg6 10. e5 Nfd7 11. Ne2 c5 12. c3 Nc6 13. Nf4 Qb6 14. Nxg6 hxg6 15. Qe2 cxd4 16. cxd4 Rac8 17. Rac1 Rc7 18. Rc2 Rfc8 19. Rec1 Nb4 20. Rxc7 Rxc7 21. Rxc7 Qxc7 22. a3 Nxd3 23. Qxd3 Nb6 24. Bd2 Nc4 25. Bc3 b5 26. Nd2 Nxd2 27. Bxd2 a6 28. Qc3 Qxc3 29. Bxc3 f6 30. f4 g5 31. exf6 Bxf6 32. fxg5 Bxg5 33. Kf2 Kf7 34. Ke2 Bf4 35. Bd2 Bd6 36. Kf3 Kf6 37. g3 Bc7 38. Bf4 Ba5 39. Be5+ Kg6 40. Kg4 Bd2 41. b3 Bc1 42. a4 Bd2 43. h4 Be1 44. Bf4 Bf2 45. Be5 Be1 46. Bf4 Bf2 47. Be5 Be1 48. Bf4 Bf2 1/2-1/2

[Event "EYTCC U12 Open 2019"]
[Site "Pardubice"]
[Date "2019.07.14"]
[Round "4.23"]
[White "Gregoric, Andraz"]
[Black "Hladky, Tadeas"]
[Result "0-1"]
[ECO "C06"]
[WhiteElo "1911"]
[BlackElo "1638"]
[Annotator "NA"]
[PlyCount "66"]
[EventDate "2019.07.11"]
[EventType "swiss"]
[EventCountry "CZE"]
[SourceTitle "playchess.com"]
[Source "ChessBase"]
[SourceQuality "1"]
[WhiteTeam "Slovenia"]
[BlackTeam "Czech Republic"]
[WhiteTeamCountry "SLO"]
[BlackTeamCountry "CZE"]
[TimeControl "40/5400+30:1800+30"]

1. e4 e6 2. d4 d5 3. Nd2 Nf6 4. e5 Nfd7 5. Bd3 c5 6. c3 cxd4 7. cxd4 Nc6 8. Ne2 f6 9. exf6 Qxf6 10. Nf3 Bd6 11. Bg5 Qf7 12. a3 O-O 13. Qc2 Nf6 14. Be3 h6 15. h3 Rd8 16. g4 Nxg4 17. hxg4 Qxf3 18. O-O-O Bd7 19. g5 h5 20. Rh4 Rac8 21. Nc3 Be8 22. Rdh1 Ne7 23. R4h3 Qg2 24. Bf1 Qg4 25. f3 Qf5 26. Bd3 Qf7 27. Bh7+ Kf8 28. g6 Nxg6 29. Kb1 Nf4 30. Bxf4 Qxf4 31. Rh4 Qf6 32. Qd3 g6 33. R4h3 Rc7 0-1

[Event "EYTCC U12 Open 2019"]
[Site "Pardubice"]
[Date "2019.07.14"]
[Round "4.24"]
[White "Mohapl, Tomas"]
[Black "Olenik Campa, Rudi"]
[Result "1-0"]
[ECO "C11"]
[WhiteElo "1585"]
[BlackElo "1854"]
[Annotator "NA"]
[PlyCount "41"]
[EventDate "2019.07.11"]
[EventType "swiss"]
[EventCountry "CZE"]
[SourceTitle "playchess.com"]
[Source "ChessBase"]
[SourceQuality "1"]
[WhiteTeam "Czech Republic"]
[BlackTeam "Slovenia"]
[WhiteTeamCountry "CZE"]
[BlackTeamCountry "SLO"]
[TimeControl "40/5400+30:1800+30"]

1. e4 e6 2. d4 d5 3. Nc3 Nf6 4. e5 Nfd7 5. f4 c5 6. Nf3 Nc6 7. Be3 a6 8. Qd2 b5 9. dxc5 Nxc5 10. Qf2 Nd7 11. Bd3 Be7 12. O-O O-O 13. Kh1 f6 14. Qh4 h6 15. Qg3 f5 16. Qg6 Ndb8 17. g4 Kh8 18. Rg1 Rg8 19. gxf5 exf5 20. Nd4 Bb7 21. Bxf5 1-0

[Event "EYTCC U12 Open 2019"]
[Site "Pardubice"]
[Date "2019.07.15"]
[Round "5.1"]
[White "Maurizzi, Marc Andria"]
[Black "Tancsa, Tamas"]
[Result "1-0"]
[ECO "C55"]
[WhiteElo "2412"]
[BlackElo "2126"]
[Annotator "NA"]
[PlyCount "49"]
[EventDate "2019.07.11"]
[EventType "swiss"]
[EventCountry "CZE"]
[SourceTitle "playchess.com"]
[Source "ChessBase"]
[SourceQuality "1"]
[WhiteTeam "France"]
[BlackTeam "Hungary"]
[WhiteTeamCountry "FRA"]
[BlackTeamCountry "HUN"]
[TimeControl "40/5400+30:1800+30"]

1. e4 e5 2. Nf3 Nc6 3. Bc4 Nf6 4. d3 Be7 5. O-O O-O 6. Re1 d6 7. a3 Na5 8. Ba2 c5 9. b4 Nc6 10. bxc5 dxc5 11. h3 h6 12. Nbd2 Re8 13. Nc4 Bf8 14. Bb2 Qc7 15. Ne3 Bd7 16. Nh2 Ne7 17. Nhg4 Nxg4 18. hxg4 Ng6 19. g3 Qc8 20. g5 hxg5 21. Qh5 Be6 22. Kg2 Ne7 23. Rh1 f6 24. Ng4 Bxa2 25. Nxf6+ 1-0

[Event "EYTCC U12 Open 2019"]
[Site "Pardubice"]
[Date "2019.07.15"]
[Round "5.2"]
[White "Tran, David"]
[Black "Makkar, Rajat"]
[Result "1/2-1/2"]
[ECO "C50"]
[WhiteElo "2112"]
[BlackElo "2064"]
[Annotator "NA"]
[PlyCount "79"]
[EventDate "2019.07.11"]
[EventType "swiss"]
[EventCountry "CZE"]
[SourceTitle "playchess.com"]
[Source "ChessBase"]
[SourceQuality "1"]
[WhiteTeam "Hungary"]
[BlackTeam "France"]
[WhiteTeamCountry "HUN"]
[BlackTeamCountry "FRA"]
[TimeControl "40/5400+30:1800+30"]

1. e4 e5 2. Bc4 Nc6 3. Nf3 Bc5 4. d3 Nf6 5. Nc3 d6 6. Na4 Bb6 7. O-O O-O 8. h3 Na5 9. Bb3 h6 10. Nxb6 axb6 11. Be3 Nxb3 12. axb3 Be6 13. Qd2 Qd7 14. Kh2 c5 15. c4 Nh7 16. g4 h5 17. Rxa8 Rxa8 18. gxh5 Bxh3 19. Rg1 Bg4 20. Nh4 Bxh5 21. Bh6 g6 22. Nf5 Ra2 23. Qc1 Qd8 24. Kh3 f6 25. Ng7 Qd7+ 26. Kh2 Bg4 27. f3 Bxf3 28. Rxg6 Kf7 29. Rg3 Bg4 30. Nf5 Bxf5 31. Rg7+ Ke8 32. Rxd7 Bxd7 33. Qb1 Ra6 34. Qg1 Ng5 35. Bxg5 fxg5 36. Qxg5 Bc6 37. Qf6 Kd7 38. b4 cxb4 39. d4 Ra2 40. Qf7+ 1/2-1/2

[Event "EYTCC U12 Open 2019"]
[Site "Pardubice"]
[Date "2019.07.15"]
[Round "5.3"]
[White "Mekhane, Adam"]
[Black "Konyves, Almos"]
[Result "0-1"]
[ECO "C85"]
[WhiteElo "2040"]
[BlackElo "2104"]
[Annotator "NA"]
[PlyCount "86"]
[EventDate "2019.07.11"]
[EventType "swiss"]
[EventCountry "CZE"]
[SourceTitle "playchess.com"]
[Source "ChessBase"]
[SourceQuality "1"]
[WhiteTeam "France"]
[BlackTeam "Hungary"]
[WhiteTeamCountry "FRA"]
[BlackTeamCountry "HUN"]
[TimeControl "40/5400+30:1800+30"]

1. e4 e5 2. Nf3 Nc6 3. Bb5 a6 4. Ba4 Nf6 5. O-O Be7 6. Bxc6 dxc6 7. d3 Bg4 8. h3 Bxf3 9. Qxf3 Qd6 10. Nd2 Qe6 11. Nc4 Nd7 12. Qg3 g5 13. Ne3 O-O-O 14. Nf5 Rdg8 15. Bd2 h5 16. Bc3 c5 17. a3 Kb8 18. b4 h4 19. Qf3 g4 20. hxg4 Nf6 21. Nxe7 Qxe7 22. Qf5 Nxg4 23. Bd2 Rg6 24. f3 Nf6 25. Be3 cxb4 26. axb4 Rh5 27. Qh3 Rg3 28. Qh2 Qf8 29. b5 Qg7 30. Kf2 axb5 31. Rfd1 Rh8 32. d4 Rg8 33. Rg1 exd4 34. Bd2 d3 35. cxd3 Ng4+ 36. fxg4 Qd4+ 37. Ke2 Qxd3+ 38. Ke1 R8xg4 39. Rc1 Rxe4+ 40. Kd1 Qe2+ 41. Kc2 Rc4+ 42. Kb1 Qd3+ 43. Ka1 Qa3+ 0-1

[Event "EYTCC U12 Open 2019"]
[Site "Pardubice"]
[Date "2019.07.15"]
[Round "5.4"]
[White "Gaal, Zsoka"]
[Black "Bat, Bilguun"]
[Result "1/2-1/2"]
[ECO "A06"]
[WhiteElo "2047"]
[BlackElo "2093"]
[Annotator "NA"]
[PlyCount "81"]
[EventDate "2019.07.11"]
[EventType "swiss"]
[EventCountry "CZE"]
[SourceTitle "playchess.com"]
[Source "ChessBase"]
[SourceQuality "1"]
[WhiteTeam "Hungary"]
[BlackTeam "France"]
[WhiteTeamCountry "HUN"]
[BlackTeamCountry "FRA"]
[TimeControl "40/5400+30:1800+30"]

1. Nf3 d5 2. g3 Nc6 3. d4 Bf5 4. Bg2 Nb4 5. Na3 e6 6. c3 Nc6 7. Nc2 Be7 8. Bf4 Nf6 9. O-O O-O 10. Ne5 Nxe5 11. Bxe5 c5 12. dxc5 Bxc5 13. Bd4 Bxc2 14. Qxc2 Bxd4 15. cxd4 Qb6 16. Qd2 Ne8 17. Rac1 Nd6 18. b3 Rac8 19. e3 g6 20. Bf3 Rfd8 21. Kg2 Kg7 22. Rfd1 a6 23. Qe1 a5 24. Rxc8 Rxc8 25. Rc1 Qb4 26. Qxb4 axb4 27. Rxc8 Nxc8 28. Be2 Kf6 29. Bd3 e5 30. g4 h6 31. h4 Na7 32. g5+ hxg5 33. hxg5+ Ke6 34. dxe5 Kxe5 35. f4+ Ke6 36. e4 dxe4 37. Bxe4 b6 38. Bd3 Nc8 39. Bc4+ Ke7 40. Kf3 Nd6 41. Ke3 1/2-1/2

[Event "EYTCC U12 Open 2019"]
[Site "Pardubice"]
[Date "2019.07.15"]
[Round "5.5"]
[White "Bakiev, Diyor"]
[Black "Fiszer, Bartosz"]
[Result "0-1"]
[ECO "B67"]
[WhiteElo "2121"]
[BlackElo "2124"]
[Annotator "ChessBase"]
[PlyCount "102"]
[EventDate "2019.07.11"]
[EventType "swiss"]
[EventCountry "CZE"]
[SourceTitle "playchess.com"]
[Source "ChessBase"]
[SourceQuality "1"]
[WhiteTeam "Germany"]
[BlackTeam "Poland"]
[WhiteTeamCountry "GER"]
[BlackTeamCountry "POL"]
[TimeControl "40/5400+30:1800+30"]

1. e4 c5 2. Nf3 Nc6 3. d4 cxd4 4. Nxd4 Nf6 5. Nc3 d6 6. Bg5 e6 7. Qd2 a6 8. O-O-O Bd7 9. f3 Be7 10. h4 h6 11. Be3 h5 12. Qf2 Ne5 13. Qg3 Qc7 14. Bg5 b5 15. f4 Neg4 16. Qf3 Rc8 17. Rd2 b4 18. Nce2 O-O 19. Ng3 g6 20. Kb1 e5 21. Nde2 a5 22. f5 a4 23. Bxf6 Bxf6 24. Nxh5 gxh5 25. Ng3 Kh8 26. Nxh5 Rg8 27. Be2 Qb6 28. Rhd1 Be7 29. f6 Bf8 30. Ng7 Qe3 31. Nf5 Qxf3 32. Bxf3 Bxf5 33. exf5 Nxf6 34. Re1 e4 35. Bxe4 Re8 36. Rde2 Nxe4 37. Rxe4 Rxe4 38. Rxe4 Rxg2 39. Kc1 Bh6+ 40. Kd1 Rd2+ 41. Ke1 Rxc2 42. f6 Rxb2 43. h5 Rxa2 44. Re8+ Kh7 45. Re7 Kg8 46. Re8+ Bf8 47. h6 Rh2 48. Re7 a3 49. Ra7 a2 50. h7+ Rxh7 51. Kd2 Rh1 0-1

[Event "EYTCC U12 Open 2019"]
[Site "Pardubice"]
[Date "2019.07.15"]
[Round "5.6"]
[White "Seemann, Jakub"]
[Black "Costa, Leonardo"]
[Result "1/2-1/2"]
[ECO "C78"]
[WhiteElo "2017"]
[BlackElo "2002"]
[Annotator "NA"]
[PlyCount "100"]
[EventDate "2019.07.11"]
[EventType "swiss"]
[EventCountry "CZE"]
[SourceTitle "playchess.com"]
[Source "ChessBase"]
[SourceQuality "1"]
[WhiteTeam "Poland"]
[BlackTeam "Germany"]
[WhiteTeamCountry "POL"]
[BlackTeamCountry "GER"]
[TimeControl "40/5400+30:1800+30"]

1. e4 e5 2. Nf3 Nc6 3. Bb5 a6 4. Ba4 Nf6 5. O-O b5 6. Bb3 Bc5 7. a4 Rb8 8. c3 d6 9. d4 Bb6 10. a5 Ba7 11. Be3 Ng4 12. Bg5 Qd7 13. h3 Nf6 14. dxe5 Nxe5 15. Bxf6 gxf6 16. Nh4 Qe7 17. Qh5 Qf8 18. Kh1 Qg7 19. f4 Nc6 20. Nf5 Bxf5 21. exf5 O-O 22. Qf3 Ne7 23. g4 c6 24. Nd2 d5 25. Rae1 Rbe8 26. Re2 Nc8 27. Rfe1 Nd6 28. Re7 Bc5 29. Rxe8 Rxe8 30. Rxe8+ Nxe8 31. Qe2 Qf8 32. Kg2 Nd6 33. Kf3 Qh6 34. Qg2 Qh4 35. Qf1 h5 36. Bd1 hxg4+ 37. hxg4 Qh2 38. Nb3 Ba7 39. Be2 Ne4 40. Qg2 Qh4 41. Bd3 Qe1 42. Be2 Nxc3 43. g5 Qxe2+ 44. Qxe2 Nxe2 45. Kxe2 Kg7 46. Nc1 Bc5 47. Nd3 Be7 48. b4 Bd6 49. Ke3 fxg5 50. fxg5 Bh2 1/2-1/2

[Event "EYTCC U12 Open 2019"]
[Site "Pardubice"]
[Date "2019.07.15"]
[Round "5.7"]
[White "Deuer, Marius"]
[Black "Meers, Hubert"]
[Result "1-0"]
[ECO "B50"]
[WhiteElo "1881"]
[BlackElo "2141"]
[Annotator "NA"]
[PlyCount "107"]
[EventDate "2019.07.11"]
[EventType "swiss"]
[EventCountry "CZE"]
[SourceTitle "playchess.com"]
[Source "ChessBase"]
[SourceQuality "1"]
[WhiteTeam "Germany"]
[BlackTeam "Poland"]
[WhiteTeamCountry "GER"]
[BlackTeamCountry "POL"]
[TimeControl "40/5400+30:1800+30"]

1. e4 c5 2. Nf3 d6 3. d4 Nf6 4. Nc3 cxd4 5. Qxd4 a6 6. e5 Nc6 7. Qa4 Nd7 8. exd6 Nc5 9. Qh4 Bf5 10. Be3 exd6 11. Qxd8+ Rxd8 12. O-O-O g6 13. Nd5 Bg7 14. Bg5 Rb8 15. Nf6+ Bxf6 16. Bxf6 O-O 17. Nd4 Nxd4 18. Rxd4 Rbc8 19. c3 Rfe8 20. f3 d5 21. g4 Bd7 22. h4 Ba4 23. Bh3 Re3 24. Rxd5 Rxf3 25. g5 Ne6 26. Re5 Rc6 27. Bg2 Rf2 28. Bxc6 Bxc6 29. Rh3 Rf1+ 30. Kc2 Kf8 31. Rh2 h5 32. Ree2 Ra1 33. Kb3 a5 34. Rd2 Bb5 35. Ka3 Bc6 36. b3 Rf1 37. c4 a4 38. Kb2 Rf3 39. Be5 Nf4 40. Rd8+ Ke7 41. Bf6+ Ke6 42. Rhd2 Rh3 43. R2d6+ Kf5 44. Rf8 Nd3+ 45. Ka3 axb3 46. axb3 Nc1 47. Kb2 Nd3+ 48. Ka2 Nc1+ 49. Kb1 Nxb3 50. Rxf7 Rh2 51. Bb2+ Kg4 52. Re7 Kxh4 53. Rxg6 Be4+ 54. Rxe4+ 1-0

[Event "EYTCC U12 Open 2019"]
[Site "Pardubice"]
[Date "2019.07.15"]
[Round "5.8"]
[White "Klimkowski, Jan"]
[Black "Hagner, Bennet"]
[Result "1-0"]
[ECO "C91"]
[WhiteElo "1985"]
[BlackElo "1831"]
[Annotator "NA"]
[PlyCount "73"]
[EventDate "2019.07.11"]
[EventType "swiss"]
[EventCountry "CZE"]
[SourceTitle "playchess.com"]
[Source "ChessBase"]
[SourceQuality "1"]
[WhiteTeam "Poland"]
[BlackTeam "Germany"]
[WhiteTeamCountry "POL"]
[BlackTeamCountry "GER"]
[TimeControl "40/5400+30:1800+30"]

1. e4 e5 2. Nf3 Nc6 3. Bb5 a6 4. Ba4 Nf6 5. O-O Be7 6. Re1 b5 7. Bb3 d6 8. c3 O-O 9. d4 Bg4 10. d5 Na5 11. Bc2 c6 12. dxc6 Qc7 13. Nbd2 Qxc6 14. h3 Be6 15. Nf1 Nc4 16. b3 Nb6 17. Bb2 Rac8 18. Ng3 Rfd8 19. Ng5 Bd7 20. Rc1 Ne8 21. Qh5 Bxg5 22. Qxg5 f6 23. Qh4 g6 24. f4 Kg7 25. Re3 Qc5 26. Rce1 d5 27. fxe5 d4 28. b4 Qxe5 29. cxd4 Qd6 30. e5 fxe5 31. Rxe5 Nd5 32. Bb3 Nef6 33. Ne4 Nxe4 34. R1xe4 Nf6 35. Re7+ Kh8 36. R4e6 Bxe6 37. Qxf6+ 1-0

[Event "EYTCC U12 Open 2019"]
[Site "Pardubice"]
[Date "2019.07.15"]
[Round "5.9"]
[White "Cohen, Elad"]
[Black "Tarhan, Adar"]
[Result "1-0"]
[ECO "C85"]
[WhiteElo "2002"]
[BlackElo "1972"]
[Annotator "NA"]
[PlyCount "131"]
[EventDate "2019.07.11"]
[EventType "swiss"]
[EventCountry "CZE"]
[SourceTitle "playchess.com"]
[Source "ChessBase"]
[SourceQuality "1"]
[WhiteTeam "Israel"]
[BlackTeam "Turkey"]
[WhiteTeamCountry "ISR"]
[BlackTeamCountry "TUR"]
[TimeControl "40/5400+30:1800+30"]

1. e4 e5 2. Nf3 Nc6 3. Bb5 a6 4. Ba4 Nf6 5. O-O Be7 6. Bxc6 dxc6 7. d3 Bd6 8. Nbd2 O-O 9. d4 Nd7 10. Nc4 f6 11. c3 Qe7 12. Nxd6 cxd6 13. Re1 b6 14. Be3 Rb8 15. Qb3+ Kh8 16. Rad1 Bb7 17. a4 c5 18. dxe5 dxe5 19. Nd2 Bc6 20. f3 b5 21. axb5 axb5 22. Ra1 Ra8 23. Bf2 Qd6 24. Nf1 Rfd8 25. c4 b4 26. Ne3 Nb6 27. Nd5 Ba4 28. Qd3 Nd7 29. b3 Bc6 30. Nxb4 Qc7 31. Nxc6 Qxc6 32. Qd5 Qxd5 33. exd5 Rab8 34. Reb1 Rb7 35. b4 Rdb8 36. b5 Kg8 37. Ra6 Rb6 38. Rxb6 Nxb6 39. Rc1 Rc8 40. Kf1 Kf7 41. Ke2 Ke7 42. Kd3 Kd6 43. Ra1 Ra8 44. Rxa8 Nxa8 45. Be1 Nb6 46. Ba5 Nd7 47. g4 Nb8 48. Ke4 Nd7 49. h4 g6 50. Bd8 h6 51. h5 f5+ 52. Kd3 e4+ 53. fxe4 fxg4 54. hxg6 Ne5+ 55. Ke2 Nxg6 56. b6 Nf8 57. e5+ Kxe5 58. b7 Nd7 59. Bc7+ Kf6 60. b8=Q Nxb8 61. Bxb8 h5 62. Kf2 h4 63. Bd6 g3+ 64. Kg2 Kf5 65. Be7 Kg4 66. Bxh4 1-0

[Event "EYTCC U12 Open 2019"]
[Site "Pardubice"]
[Date "2019.07.15"]
[Round "5.10"]
[White "Celik, Hasan Huseyin"]
[Black "Vagman, Roy"]
[Result "1-0"]
[ECO "C32"]
[WhiteElo "1903"]
[BlackElo "1941"]
[Annotator "NA"]
[PlyCount "113"]
[EventDate "2019.07.11"]
[EventType "swiss"]
[EventCountry "CZE"]
[SourceTitle "playchess.com"]
[Source "ChessBase"]
[SourceQuality "1"]
[WhiteTeam "Turkey"]
[BlackTeam "Israel"]
[WhiteTeamCountry "TUR"]
[BlackTeamCountry "ISR"]
[TimeControl "40/5400+30:1800+30"]

1. e4 e5 2. f4 d5 3. exd5 e4 4. d3 Nf6 5. dxe4 Nxe4 6. Nf3 Bc5 7. Qe2 Qe7 8. Be3 Bxe3 9. Qxe3 O-O 10. Nbd2 Re8 11. O-O-O Qc5 12. Re1 Qxe3 13. Rxe3 Nd6 14. Rxe8+ Nxe8 15. Bd3 Nd7 16. Re1 Ndf6 17. c4 Nd6 18. g3 g6 19. Nd4 Bd7 20. b3 Rd8 21. N2f3 Kf8 22. Kc2 Be8 23. Ne5 Nc8 24. Kc3 a5 25. Bc2 Ne7 26. Ndf3 h6 27. Nd4 Ra8 28. a4 Rd8 29. f5 gxf5 30. Nxf5 Nxf5 31. Bxf5 Rd6 32. Rf1 Kg7 33. Bc8 Ne4+ 34. Kc2 Nc5 35. Nd3 Nxd3 36. Kxd3 b5 37. axb5 Rxd5+ 38. cxd5 Bxb5+ 39. Kd4 Bxf1 40. Kc5 Kf6 41. Kc6 Ke5 42. Bb7 Bc4 43. Kxc7 Bxb3 44. d6 Be6 45. Bc6 f5 46. Bd7 Bc4 47. Bxf5 Bb5 48. Bd7 Bc4 49. Ba4 Be6 50. d7 Bxd7 51. Kxd7 h5 52. Ke7 h4 53. g4 h3 54. Bd7 Kf4 55. Kf6 a4 56. g5 a3 57. Be6 1-0